 Dungeon Crawl Stone Soup version 0.17-a0-1760-ga6756ae (webtiles) character file.

329408 kae the Axe Maniac (level 21, -12/206 HPs)
             Began as a Hill Orc Fighter on Sept 3, 2015.
             Was the Champion of Okawaru.
             Killed from afar by a titan (38 damage)
             ... with a bolt of lightning
             ... on level 4 of the Vaults.
             The game lasted 02:17:28 (47915 turns).

kae the Axe Maniac (Hill Orc Fighter)              Turns: 47915, Time: 02:17:28

Health: -12/206    AC: 41    Str: 30    XL:     21   Next: 72%
Magic:  0/27       EV: 10    Int:  8    God:    Okawaru [******]
Gold:   4124       SH: 20    Dex: 17    Spells: 0 memorised, 20 levels left

rFire  + . .     SeeInvis +     a - +10 broad axe "Ceas" {chop, SInv}
rCold  . . .     Clarity  .     V - +8 plate armour of Indemnity {Regen+}
rNeg   + . .     SustAt   .     f - +2 shield
rPois  .         Gourm    .     p - +1 helmet
rElec  .         Spirit   +     L - +0 cloak {+Inv}
rCorr  .         Warding  .     P - +2 pair of gloves {Str+3}
rMut   .         Stasis   .     F - +2 pair of boots {Fly}
MR     +....                    k - amulet of guardian spirit
Stlth  ..........               X - ring of Shadows {Umbra +Inv rN+ SInv}
                                Y - ring of the Tempest {rF+ EV-2 Dex+5 Slay+2 Stlth-}

@: heroism, marked, flying, wreathed by umbra, somewhat resistant to hostile
enchantments, extremely unstealthy
A: mutation resistance 1
a: Heroism, Finesse, Renounce Religion, Evoke Invisibility, Stop Flying
}: 2/15 runes: barnacled, gossamer


You were on level 4 of the Vaults.
You worshipped Okawaru.
Okawaru was exalted by your worship.
You were hungry.

You visited 8 branches of the dungeon, and saw 43 of its levels.
You visited the Abyss 1 time.
You also visited: Labyrinth.

You collected 5362 gold pieces.
You spent 1238 gold pieces at shops.

Inventory:

Hand weapons
 a - the +10 broad axe "Ceas" (weapon) {chop, SInv}
   (Okawaru gifted it to you on level 13 of the Dungeon)

   It inflicts extra damage upon your enemies.
   It lets you see invisible.
Armour
 f - a +2 shield (worn)
 m - a +1 pair of boots of running
 o - a +1 scale mail of poison resistance
 p - a +1 helmet (worn)
 F - a +2 pair of boots of flying (worn)
 L - a +0 cloak of invisibility (worn)
 P - a +2 pair of gloves of strength (worn)
 V - the +8 plate armour of Indemnity (worn) {Regen+}
   (You bought it in a shop on level 4 of the Orcish Mines)

   It increases your rate of regeneration.
Jewellery
 c - an uncursed ring of poison resistance
 k - an amulet of guardian spirit (around neck)
 n - an uncursed amulet of stasis {unknown}
 z - an uncursed ring of protection from magic
 M - an uncursed ring of ice
 X - the ring of Shadows (right hand) {Umbra +Inv rN+ SInv}
   (You found it in a labyrinth)

   [ring of invisibility]

   It protects you from negative energy.
   It lets you see invisible.
   It lets you turn invisible.
 Y - the ring of the Tempest (left hand) {rF+ EV-2 Dex+5 Slay+2 Stlth-}
   (You found it in a labyrinth)

   [ring of evasion]

   It affects your evasion (-2).
   It affects your dexterity (+5).
   It affects your accuracy and damage with ranged weapons and melee attacks
   (+2).
   It protects you from fire.
   It makes you less stealthy.
Magical devices
 b - a wand of digging (9)
 I - a wand of lightning (2)
 S - a wand of heal wounds (9)
 U - a wand of teleportation (9)
Scrolls
 g - 5 scrolls of remove curse
 i - 4 scrolls of magic mapping
 j - 10 scrolls of blinking
 l - 3 scrolls of recharging
 r - 3 scrolls of summoning
 u - 17 scrolls of teleportation
 y - a scroll of enchant armour
 D - 2 scrolls of amnesia
 E - 21 scrolls of identify
 J - 6 scrolls of fog
 O - 2 scrolls of holy word
 Q - 7 scrolls of fear
Potions
 d - 7 potions of might
 h - 10 potions of heal wounds
 q - 5 potions of agility
 s - 7 potions of resistance
 t - 13 potions of curing
 w - 8 potions of ambrosia
 x - 3 potions of haste
 A - 2 potions of invisibility
 B - a potion of beneficial mutation
 C - 2 potions of berserk rage
 H - 6 potions of lignification
 N - a potion of cancellation {unknown}
Miscellaneous
 Z - a phantom mirror
Comestibles
 e - 20 bread rations
 v - a slice of pizza
 G - a meat ration
 K - a royal jelly
 R - 3 chunks of flesh


   Skills:
 + Level 21.7(26.7) Fighting
 O Level 27 Axes
 - Level 18.1(23.1) Armour
 - Level 16.1(21.1) Shields
 - Level 8.4 Invocations


You had 20 spell levels left.
You didn't know any spells.

Dungeon Overview and Level Annotations

Branches:
Dungeon (15/15)            Temple (1/1) D:4            Lair (8/8) D:10
 Shoals (4/4) Lair:3       Spider (4/4) Lair:3        Slime (0/6) Lair:6
    Orc (4/4) D:10            Elf (3/3) Orc:3        Vaults (4/5) D:13
  Crypt (0/3) Vaults:3     Depths (0/5) D:15

Altars:
Ashenzari
Cheibriados
Dithmenos
Elyvilon
Fedhas
Gozag
Kikubaaqudgha
Makhleb
Nemelex Xobeh
Okawaru
Qazlal
Ru
Sif Muna
Trog
Vehumet
Xom
Yredelemnul
Zin
The Shining One
Beogh

Shops:
D:4 *   Orc:2 ?   Orc:3 [   Orc:4 [=(*   Elf:2 *   Shoals:1 %   Shoals:2 (
Vaults:2 [


Innate Abilities, Weirdness & Mutations

You are somewhat resistant to further mutation.


Message History

The titan is healed somewhat.
You slice the titan!!
The titan is almost dead.
You closely miss the titan.
The titan is heavily wounded.
You cut the storm dragon into ribbons!!!
You kill the storm dragon!
Okawaru accepts your kill.
The titan gestures wildly while chanting.
The titan is healed somewhat.
Your plate armour of Indemnity prevents you from hitting the titan.
The titan is severely wounded.
You slice the titan!!
The titan is almost dead.
The titan casts a spell at you. The bolt of lightning hits you!
* * * LOW HITPOINT WARNING * * *
The titan casts a spell at you. The bolt of lightning hits you!
You die...

. .. ... .... ....
####''##############
........C..........#
......((@C...†)....#
#############)####'#
#....[)#....#
).'......#....#
##########'####
.......)......#
.......)......#
######################''#
.......)).).............#


You could see 2 titans.

Vanquished Creatures
  Nikola (Elf:1)
  A tentacled monstrosity (Vaults:4)
  2 deep elf blademasters (Elf:3)
  A deep elf master archer (Elf:3)
  4 krakens
  2 sphinxes
  A tentacled starspawn (Abyss:1)
  Agnes (Spider:2)
  Kirke (D:14)
  A shadow dragon (Vaults:4)
  3 storm dragons (Vaults:4)
  2 revenants (Vaults:3)
  Ilsuiw (Shoals:4)
  A tengu reaver (Vaults:4)
  The ghost of shakdrar the Warrior, a powerful MiFi of Okawaru (Orc:4)
  A frost giant (Vaults:4)
  6 deep elf sorcerers (Elf:3)
  7 vault wardens
  Aizul (Spider:2)
  Louise (Spider:1)
  9 emperor scorpions
  2 orc warlords
  2 war gargoyles
  2 ghost moths (Spider:4)
  4 ironheart preservers
  4 stone giants
  Nessos (D:13)
  3 deep elf demonologists (Elf:3)
  A salamander stormcaller (Vaults:4)
  6 deep elf annihilators (Elf:3)
  7 merfolk javelineers (Shoals:4)
  5 deep elf death magi
  15 vault guards
  8 merfolk impalers
  3 deep elf high priests
  2 fire dragons
  Josephine (Shoals:1)
  A minotaur (Lab)
  2 ice dragons
  5 hydras
  2 rakshasas (D:15)
  4 entropy weavers
  8 yaktaur captains
  6 centaur warriors
  A catoblepas (Shoals:3)
  3 merfolk avatars
  An anaconda (shapeshifter) (D:15)
  5 merfolk aquamancers
  2 alligator snapping turtles
  15 dancing weapons (Elf:2)
  8 ogre magi
  A satyr (Shoals:3)
  3 death yaks
  4 spriggan berserkers (Elf:3)
  An orc high priest (Orc:4)
  Sonja (D:10)
  The ghost of 4thArraOfDagon the Cleaver, an experienced DEBe of Trog (D:12)
  2 wretched stars (Abyss:1)
  A shadow wraith (Vaults:1)
  2 fire crabs (Vaults:3)
  16 deep elf knights
  15 sea snakes
  An unseen horror (shapeshifter) (Vaults:1)
  A giant orange brain (D:15)
  6 skeletal warriors
  A flayed ghost (Vaults:4)
  A wizard (Vaults:2)
  11 hill giants
  7 unseen horrors
  A swamp dragon (shapeshifter) (Vaults:4)
  5 deep elf summoners
  12 deep elf conjurers
  A wolf spider zombie (D:15)
  6 harpies (Shoals:4)
  13 ironbrand convokers
  2 lindwurms (D:11)
  12 orb spiders
  15 manticores
  24 ugly things
  4 fauns
  2 necromancers
  A hornet (Vaults:3)
  12 cyclopes
  A salamander (shapeshifter) (D:15)
  4 orc sorcerers
  8 orc knights
  6 water nymphs
  15 wolf spiders
  8 black mambas
  9 sirens
  11 griffons
  A water nymph (shapeshifter) (Vaults:4)
  18 slime creatures
  13 elephants
  A guardian serpent (shapeshifter) (Vaults:3)
  2 moths of wrath
  A guardian serpent (D:14)
  Maurice (D:12)
  An eye of devastation (Vaults:4)
  Joseph (D:9)
  14 spiny frogs
  A centaur zombie (D:13)
  A torpor snail (Spider:4)
  3 gargoyles
  6 vault sentinels
  11 komodo dragons
  14 demonic crawlers
  A smoke demon (Abyss:1)
  The ghost of kae the Carver, an experienced HESk of Okawaru (D:5)
  34 yaktaurs
  4 kobold demonologists
  3 freezing wraiths
  14 deep elf priests
  3 fire drakes
  5 wind drakes
  2 trolls
  A large abomination (Abyss:1)
  A giant leech (Lair:8)
  24 merfolk
  13 snapping turtles
  22 jumping spiders
  8 two-headed ogres
  5 boulder beetles
  A two-headed ogre (shapeshifter) (D:14)
  15 blink frogs
  A blink frog (shapeshifter) (Vaults:3)
  A raiju (Abyss:1)
  A centaur simulacrum (D:14)
  A flying skull (Abyss:1)
  23 trapdoor spiders
  13 hippogriffs
  A ynoxinul (Abyss:1)
  33 redbacks
  9 water elementals
  16 deep elf fighters
  3 fire bats (D:11)
  15 tarantellas
  A human (D:8)
  22 deep elf magi
  54 yaks
  12 vampire mosquitoes
  2 wyverns
  A human (shapeshifter) (D:15)
  4 wraiths
  A chaos spawn (Abyss:1)
  4 hogs (D:14)
  6 basilisks
  A steam dragon (Lair:8)
  A neqoxec (Abyss:1)
  A fire bat (shapeshifter) (Vaults:1)
  2 hungry ghosts
  2 mottled dragons
  9 wolves
  10 porcupines
  2 wargs
  2 hell hounds (D:11)
  14 water moccasins
  3 eyes of draining
  43 spiders
  6 ice beasts
  33 orc warriors
  4 sky beasts
  26 centaurs
  43 ogres
  11 crocodiles
  A necrophage (D:8)
  5 phantoms
  4 wasps
  5 small abominations
  6 big kobolds
  33 giant frogs
  4 brain worms (D:11)
  A water moccasin zombie (D:9)
  An orc simulacrum (Vaults:2)
  5 scorpions
  12 killer bees
  A vampire bat (D:11)
  5 electric eels
  2 quasits
  9 hounds
  7 jellies
  31 orc priests
  11 wights
  A giant frog zombie (D:5)
  A human simulacrum (Vaults:3)
  10 iguanas
  4 centaur skeletons
  5 crimson imps
  5 giant frog skeletons
  38 orc wizards
  12 worker ants
  Natasha (D:4)
  33 sheep
  A killer bee zombie (D:11)
  A worker ant zombie (D:7)
  15 adders
  3 gnolls (D:2)
  39 river rats
  6 shadow imps
  An ufetubus (Abyss:1)
  An ooze (D:4)
  An adder skeleton (D:4)
  9 worms
  6 giant geckos
  193 orcs
  3 ball pythons
  9 giant cockroaches
  6 goblins
  6 hobgoblins
  13 jackals
  33 kobolds
  6 quokkas
  14 bats
  2 giant newts
  2 gnoll zombies (D:4)
  3 rats
  17 butterflies
  A crawling corpse (Elf:3)
  2 fire vortices (Vaults:4)
  7 fungi
  22 plants
  A starspawn tentacle (Abyss:1)
  8 tentacles
1791 creatures vanquished.

Vanquished Creatures (collateral kills)
  Polyphemus (Shoals:3)
  An ugly thing (D:12)
2 creatures vanquished.

Vanquished Creatures (others)
  Asterion (Elf:1)
  An emperor scorpion (Spider:4)
  A deep elf knight (Elf:2)
  A moth of wrath (Spider:4)
  2 freezing wraiths (Vaults:4)
  A redback (Spider:2)
  An orc wizard (Vaults:3)
  2 orcs (Vaults:3)
  A fire vortex (Vaults:4)
  25 fungi
  9 plants
  A starspawn tentacle (Abyss:1)
  48 starspawn tentacle segments (Abyss:1)
  42 tentacles
  1011 tentacle segments
1147 creatures vanquished.

Grand Total: 2940 creatures vanquished

Notes
Turn   | Place    | Note
--------------------------------------------------------------
     0 | D:1      | kae the Hill Orc Fighter began the quest for the Orb.
     0 | D:1      | Reached XP level 1. HP: 19/19 MP: 1/1
   198 | D:1      | Reached XP level 2. HP: 26/26 MP: 2/2
   658 | D:1      | Reached skill level 4 in Axes
   800 | D:2      | Reached XP level 3. HP: 23/31 MP: 3/3
  1047 | D:2      | Reached skill level 5 in Axes
  1234 | D:2      | Reached XP level 4. HP: 28/39 MP: 4/4
  1538 | D:2      | Reached skill level 6 in Axes
  1884 | D:3      | Reached XP level 5. HP: 45/45 MP: 5/5
  2066 | D:3      | Reached skill level 7 in Axes
  2385 | D:4      | Found a sacrificial altar of Ru.
  2414 | D:4      | Noticed Natasha
  2435 | D:4      | Killed Natasha
  2440 | D:4      | Found Dutiy's Elemental Accessories.
  2456 | D:4      | Found a staircase to the Ecumenical Temple.
  2462 | Temple   | Entered the Ecumenical Temple
  2535 | Temple   | Became a worshipper of Warmaster Okawaru
  2680 | D:4      | Found an opulent altar of Gozag.
  2725 | D:4      | Reached skill level 8 in Axes
  2725 | D:4      | Reached XP level 6. HP: 49/51 MP: 6/6
  2819 | D:4      | Noticed a phantom
  2876 | D:4      | Killed a phantom
  2876 | D:4      | Reached skill level 9 in Axes
  3023 | D:4      | Reached XP level 7. HP: 44/57 MP: 5/7
  3503 | D:4      | Reached skill level 10 in Axes
  3552 | D:4      | Found a basalt altar of Yredelemnul.
  3629 | D:5      | Entered Level 5 of the Dungeon
  3673 | D:5      | Acquired Okawaru's first power
  3675 | D:5      | Found a glowing silver altar of Zin.
  4019 | D:5      | Reached skill level 11 in Axes
  4022 | D:5      | Reached XP level 8. HP: 64/64 MP: 8/8
  4172 | D:5      | Noticed kae's ghost (experienced HESk)
  4186 | D:5      | Killed kae's ghost
  4186 | D:5      | Reached skill level 12 in Axes
  4421 | D:5      | Reached skill level 13 in Axes
  4831 | D:6      | Found a white marble altar of Elyvilon.
  5001 | D:6      | Found a bloodstained altar of Trog.
  5034 | D:6      | Reached skill level 14 in Axes
  5034 | D:6      | Reached XP level 9. HP: 8/70 MP: 0/9
  5983 | D:7      | Reached skill level 15 in Axes
  6705 | D:8      | Reached skill level 16 in Axes
  6834 | D:8      | Reached skill level 5 in Fighting
  6995 | D:8      | Reached XP level 10. HP: 75/83 MP: 10/10
  7782 | D:9      | Found a shadowy altar of Dithmenos.
  7817 | D:9      | Reached skill level 10 in Fighting
  7917 | D:9      | Noticed Joseph
  7935 | D:9      | Killed Joseph
  8234 | D:10     | Entered Level 10 of the Dungeon
  8274 | D:10     | Found a staircase to the Lair.
  8412 | D:10     | Noticed Sonja
  8877 | D:10     | Found a staircase to the Orcish Mines.
  9018 | D:10     | Killed Sonja
  9018 | D:10     | Reached skill level 17 in Axes
  9018 | D:10     | Reached XP level 11. HP: 88/99 MP: 8/11
  9109 | Lair:1   | Entered Level 1 of the Lair of Beasts
  9172 | Lair:1   | Acquired Okawaru's second power
  9394 | Lair:1   | Reached skill level 18 in Axes
  9926 | Lair:2   | Received a gift from Okawaru
  9933 | Lair:2   | Reached skill level 19 in Axes
  9984 | Lair:2   | Found a labyrinth entrance.
 10091 | Lab      | Entered a labyrinth
 10587 | Lab      | Noticed a minotaur
 10594 | Lab      | Killed a minotaur
 10603 | Lab      | Got a warped wooden ring
 10807 | Lair:2   | Identified the cursed ring of the Tempest {rF+ EV-2 Dex+5 Slay+2 Stlth-} (You found it in a labyrinth)
 11007 | Lair:2   | Reached skill level 20 in Axes
 11268 | Lair:2   | Reached XP level 12. HP: 106/106 MP: 12/12
 11705 | Lair:3   | Found a hole to the Spider Nest.
 11850 | Lair:3   | Reached skill level 21 in Axes
 12240 | Lair:3   | Received a gift from Okawaru
 12309 | Lair:3   | Reached skill level 5 in Armour
 12322 | Lair:3   | Found a staircase to the Shoals.
 13432 | Lair:4   | Received a gift from Okawaru
 13491 | Lair:4   | Identified a +0 pair of boots of running (Okawaru gifted it to you on level 4 of the Lair of Beasts)
 13786 | Lair:5   | Reached XP level 13. HP: 113/113 MP: 13/13
 13866 | Lair:5   | Reached skill level 10 in Armour
 14360 | Lair:5   | Noticed a seven-headed hydra
 14882 | Lair:6   | Killed a 14-headed hydra
 14908 | Lair:6   | Found a staircase to the Slime Pits.
 16089 | Lair:7   | Received a gift from Okawaru
 16090 | Lair:7   | Got a crystal shortbow {god gift}
 16444 | Lair:8   | Entered Level 8 of the Lair of Beasts
 16447 | Lair:8   | Gained mutation: You are somewhat resistant to further mutation. [potion of beneficial mutation]
 16706 | Lair:8   | Received a gift from Okawaru
 17156 | Lair:8   | Reached XP level 14. HP: 84/121 MP: 10/14
 17400 | Lair:8   | Reached skill level 15 in Armour
 18101 | Orc:1    | Entered Level 1 of the Orcish Mines
 18323 | Orc:2    | Paralysed by an orc sorcerer for 3 turns
 18503 | Orc:1    | Found a roughly hewn altar of Beogh.
 19009 | Orc:2    | Found Vatsit's Magic Scroll Boutique.
 19044 | Orc:2    | Bought a scroll of identify for 24 gold pieces
 19044 | Orc:2    | Bought a scroll of identify for 24 gold pieces
 19044 | Orc:2    | Bought a scroll of noise for 12 gold pieces
 19645 | Orc:3    | Found a staircase to the Elven Halls.
 19676 | Orc:3    | Found Fisaag's Antique Armour Shop.
 20144 | Orc:4    | Entered Level 4 of the Orcish Mines
 20208 | Orc:4    | Noticed shakdrar's ghost (powerful MiFi)
 20225 | Orc:4    | Killed shakdrar's ghost
 21255 | Orc:4    | Found a roughly hewn altar of Beogh.
 21255 | Orc:4    | Noticed an orc warlord
 21287 | Orc:4    | Killed an orc warlord
 21556 | Orc:4    | Found Ipnisk's Antique Weapon Shoppe.
 21577 | Orc:4    | Found Yneesh's Antique Armour Shoppe.
 21779 | Orc:4    | Found Poig's Jewellery Shoppe.
 21785 | Orc:4    | Bought a cursed -3 ring of strength for 22 gold pieces
 21801 | Orc:4    | Bought a shimmering plate armour for 896 gold pieces
 21881 | Orc:4    | Identified the +8 plate armour of Indemnity {Regen+} (You bought it in a shop on level 4 of the Orcish Mines)
 21920 | Orc:4    | Found Baap's General Store.
 21926 | Orc:4    | Bought a scroll of brand weapon for 260 gold pieces
 22156 | D:11     | Received a gift from Okawaru
 22157 | D:11     | Got a bloodstained plate armour {god gift}
 22168 | D:11     | Identified the +1 plate armour "Serreuce" {rPois rF+} (Okawaru gifted it to you on level 11 of the Dungeon)
 22819 | D:11     | Reached XP level 15. HP: 126/126 MP: 15/15
 23105 | D:12     | Noticed Maurice
 23124 | D:12     | Killed Maurice
 23272 | D:12     | Noticed 4thArraOfDagon's ghost (experienced DEBe)
 23276 | D:12     | Killed 4thArraOfDagon's ghost
 23544 | D:12     | You fall through a shaft for 3 floors!
 23544 | D:15     | Entered Level 15 of the Dungeon
 23563 | D:15     | Reached skill level 22 in Axes
 23589 | D:15     | Found a shimmering altar of Xom.
 23635 | D:15     | Received a gift from Okawaru
 24072 | D:14     | Got a scorched battleaxe
 24315 | D:13     | Reached skill level 23 in Axes
 24470 | D:13     | Found a gate to the Vaults.
 24669 | D:13     | You fall through a shaft for 2 floors!
 24775 | D:14     | Noticed Kirke
 24928 | D:13     | Noticed Nessos
 24947 | D:13     | Killed Nessos
 24947 | D:13     | Reached XP level 16. HP: 45/134 MP: 9/16
 25215 | D:13     | Received a gift from Okawaru
 25220 | D:13     | Got a jewelled broad axe {god gift}
 25496 | Lair:1   | Identified the +2 battleaxe of Causality {pain, rElec rN+ Dex+4} (You found it on level 14 of the Dungeon)
 25497 | Lair:1   | Identified the +10 broad axe "Ceas" {chop, SInv} (Okawaru gifted it to you on level 13 of the Dungeon)
 25498 | Lair:1   | Identified the +10 shortbow of Mask {freeze, rN+ Int+4} (Okawaru gifted it to you on level 7 of the Lair of Beasts)
 25688 | D:14     | Killed Kirke
 25688 | D:14     | Reached skill level 24 in Axes
 26443 | D:15     | Found a staircase to the Depths.
 27469 | Spider:1 | Entered Level 1 of the Spider Nest
 27498 | Spider:1 | Noticed Louise
 27508 | Spider:1 | Killed Louise
 27508 | Spider:1 | Received a gift from Okawaru
 27788 | Spider:1 | Reached skill level 5 in Shields
 28132 | Spider:2 | Noticed Agnes
 28144 | Spider:2 | Killed Agnes
 28639 | Spider:2 | Noticed Aizul
 28659 | Spider:2 | Killed Aizul
 29672 | Spider:3 | Received a gift from Okawaru
 29690 | Spider:3 | Reached skill level 10 in Shields
 29737 | Spider:3 | Reached XP level 17. HP: 65/140 MP: 9/17
 30595 | Spider:3 | Identified a scroll of acquirement
 30596 | Spider:3 | Got a bloodstained cloak
 30608 | Spider:3 | Identified the -3 cloak of Free Will {rPois rN+ Int+2 Slay-6} (You acquired it on level 3 of the Spider Nest)
 30642 | Spider:4 | Entered Level 4 of the Spider Nest
 30980 | Spider:4 | Received a gift from Okawaru
 30991 | Spider:4 | Got a faintly glowing hat {god gift}
 31002 | Spider:4 | Identified the -3 hat of the Hippo {rElec rN+} (Okawaru gifted it to you on level 4 of the Spider Nest)
 31394 | Spider:4 | Got a pair of encrusted boots
 31405 | Spider:4 | Identified the +0 pair of boots of Wicosh {*Contam rElec MP+9} (You acquired it on level 4 of the Spider Nest)
 31732 | Spider:4 | Got a gossamer rune of Zot
 32358 | Shoals:1 | Entered Level 1 of the Shoals
 32495 | Shoals:1 | Found Icsusi's Food Shop.
 32517 | Shoals:1 | Noticed Josephine
 32527 | Shoals:1 | Killed Josephine
 33163 | Shoals:1 | Reached skill level 15 in Shields
 33648 | Shoals:2 | Found Zaegoh's Weapon Shop.
 33721 | Shoals:2 | Got an ivory battleaxe
 33726 | Shoals:2 | Identified the +4 battleaxe of the Last Stars {drain, rElec} (You found it on level 2 of the Shoals)
 34191 | Shoals:2 | Received a gift from Okawaru
 34216 | Shoals:2 | Reached XP level 18. HP: 147/147 MP: 18/18
 34946 | Shoals:3 | Noticed Polyphemus
 34975 | Shoals:3 | Killed Polyphemus
 35541 | Shoals:3 | Reached skill level 1 in Invocations
 35978 | Shoals:3 | Reached skill level 5 in Invocations
 36594 | Shoals:4 | Entered Level 4 of the Shoals
 36603 | Shoals:4 | Noticed Ilsuiw
 37087 | Shoals:4 | Killed Ilsuiw
 37087 | Shoals:4 | Received a gift from Okawaru
 37182 | Shoals:4 | Reached skill level 25 in Axes
 38095 | Shoals:4 | Cast into the Abyss (siren)
 38631 | Shoals:4 | Escaped the Abyss
 38787 | Shoals:4 | Reached XP level 19. HP: 158/158 MP: 25/25
 39267 | Shoals:4 | Reached skill level 26 in Axes
 39295 | Shoals:4 | Got a barnacled rune of Zot
 39710 | Elf:1    | Entered Level 1 of the Elven Halls
 39743 | Elf:1    | Received a gift from Okawaru
 39756 | Elf:1    | Got a pair of heavily runed gloves {god gift}
 39767 | Elf:1    | Identified the +2 pair of gloves of the Poles {MR- Int+4} (Okawaru gifted it to you on level 1 of the Elven Halls)
 39844 | Elf:1    | Noticed Nikola
 39863 | Elf:1    | Killed Nikola
 39936 | Elf:1    | Found a deep blue altar of Sif Muna.
 40229 | Elf:1    | Noticed Asterion
 40241 | Elf:1    | Killed Asterion
 40978 | Elf:2    | Found a huge runed gate.
 40978 | Elf:2    | Found a huge runed gate.
 40978 | Elf:2    | Found a huge runed gate.
 40978 | Elf:2    | Found a huge runed gate.
 40978 | Elf:2    | Found a huge runed gate.
 40978 | Elf:2    | Found a huge runed gate.
 40978 | Elf:2    | Found a huge runed gate.
 40978 | Elf:2    | Found a huge runed gate.
 40979 | Elf:2    | Found a huge runed gate.
 40980 | Elf:2    | Found a huge runed gate.
 40981 | Elf:2    | Found a huge runed gate.
 40982 | Elf:2    | Found a huge runed gate.
 40983 | Elf:2    | Found a huge runed gate.
 40984 | Elf:2    | Found a huge runed gate.
 40985 | Elf:2    | Found a huge runed gate.
 40986 | Elf:2    | Found a huge runed gate.
 40991 | Elf:2    | Found a huge runed gate.
 41013 | Elf:2    | Found a huge runed gate.
 41014 | Elf:2    | Found a huge runed gate.
 41014 | Elf:2    | Found a huge runed gate.
 41014 | Elf:2    | Found a huge runed gate.
 41070 | Elf:2    | Found Liatilor's General Store.
 41116 | Elf:2    | Found a huge runed gate.
 41116 | Elf:2    | Found a huge runed gate.
 41116 | Elf:2    | Found a huge runed gate.
 41116 | Elf:2    | Found a huge runed gate.
 41116 | Elf:2    | Found a huge runed gate.
 41213 | Elf:2    | Found a huge runed gate.
 41213 | Elf:2    | Found a huge runed gate.
 41220 | Elf:2    | Found a huge runed gate.
 41220 | Elf:2    | Found a huge runed gate.
 41220 | Elf:2    | Found a huge runed gate.
 41220 | Elf:2    | Found a huge runed gate.
 41221 | Elf:2    | Found a huge runed gate.
 41222 | Elf:2    | Found a huge runed gate.
 41223 | Elf:2    | Found a huge runed gate.
 41224 | Elf:2    | Found a huge runed gate.
 41970 | Elf:3    | Entered Level 3 of the Elven Halls
 42114 | Elf:3    | Reached skill level 27 in Axes
 42302 | Elf:3    | Received a gift from Okawaru
 42722 | Elf:3    | Found a bloodstained altar of Trog.
 43017 | Elf:3    | Reached XP level 20. HP: 150/176 MP: 17/26
 43019 | Elf:3    | Received a gift from Okawaru
 43028 | Elf:3    | Reached skill level 15 in Fighting
 43063 | Elf:3    | Identified the Papyrus of Flying Fire
 43090 | Elf:3    | Identified the Reference Book on Dusty Displacement
 43095 | Elf:3    | Identified the Incunabulum of the Lethal Frostbite
 43783 | Vaults:1 | Entered Level 1 of the Vaults
 43962 | Vaults:1 | Received a gift from Okawaru
 45859 | Vaults:2 | Found Yngick's Armour Shoppe.
 46501 | Vaults:3 | Reached XP level 21. HP: 196/198 MP: 27/27
 46524 | Vaults:3 | Found a staircase to the Crypt.
 46619 | Vaults:3 | Paralysed by a hornet for 4 turns
 46785 | Vaults:3 | Received a gift from Okawaru
 47844 | Vaults:4 | Received a gift from Okawaru
 47915 | Vaults:4 | Killed from afar by a titan

Vault maps used:
D:1:      minmay_arrival_glassed_features
D:2:      minmay_misc_feat_columns
D:3:      first_bread
D:4:      grunt_gozag_breadcrumbs, lemuel_zombie_altar_yredelemnul,
          kennysheep_mini, minmay_temple_entry_hall, nicolae_elemental_shop,
          uniq_natasha
D:5:      nicolae_overflow_hidden_temple
D:6:      trog_eyes_of_draining, elyvilon_altar_1
D:8:      grunt_livestock
D:9:      grunt_dithmenos_smoke_and_mirrors, uniq_joseph
D:10:     lair_0_dummy, orc_0_dummy, uniq_sonja
D:11:     hangedman_parallel_progression
D:12:     uniq_maurice
D:13:     lightli_vaults_fourway_checkpoint, minmay_misc_feat_enclosed,
          uniq_nessos
D:14:     fake_guardian_serpent_vault, uniq_kirke
D:15:     gammafunk_enter_depths_forms, basic_altar
Temple:   zaba_magenta_temple_12
Lair:1:   lemuel_fruit_fields
Lair:2:   lab_entry_generic, st_stairs_9, lemuel_old_faithful,
          grunt_megastairs_1, infiniplex_staircase_pool
Lair:3:   minmay_shoals_entry_beasts, spider_nest_entry_a, beast_lair_carwin_1,
          serial_bayou_shore_b, infiniplex_staircase_pool_2
Lair:4:   minivault_27
Lair:6:   dpeg_slime_entry_corner, minmay_holes, bh_autumn_forest_stairs,
          grunt_megastairs_2, lemuel_fruit_fields
Lair:7:   minmay_hedge_maze
Lair:8:   minmay_lair_end_frog_pond, grunt_megastairs_5
Shoals:1: serial_shops, shop, nicolae_shoals_circle_sea_wall,
          nicolae_shoals_kraken_intersection, uniq_josephine
Shoals:2: serial_shops, nicolae_shop_crystal
Shoals:3: uniq_polyphemus
Shoals:4: shoals_end_hangedman, shoal_ilsuiw
Spider:1: uniq_louise, uniq_aizul
Spider:2: uniq_agnes
Spider:4: grunt_spider_rune_circles, nicolae_spider_shape
Orc:1:    mines2_david
Orc:2:    serial_shops, shop
Orc:3:    serial_shops, nicolae_shop_overgrown_old_shop, nicolae_orc_pool_cavern
Orc:4:    grunt_orc_cross
Elf:1:    basic_altar, kennysheep_underground_church, uniq_nikola, uniq_asterion
Elf:2:    serial_shops, nicolae_shop_statue_plus, not_door_vault_mu,
          basic_stair_grate_trap
Elf:3:    minmay_elf_hall_dome, evilmike_spriggan_trog_shrine
Vaults:1: hangedman_vaults_corner, nicolae_vaults_sealed_display,
          vaults_room_boxed, ontoclasm_vaults_chip, v_misc_2,
          vaults_room_semicircle, v_alt_pattern_2, ontoclasm_vaults_fault,
          grunt_vaults_hallway_long, serial_ice_h,
          ontoclasm_vaults_decontamination
Vaults:2: v_misc_12, nicolae_vaults_stairing_the_circle, v_pattern_1,
          ontoclasm_vaults_gallery, v_misc_17, nicolae_vaults_little_squares_4,
          vaults_dpeg_spiral, vaults_room_door_ring, vaults_dpeg_cross,
          vaults_room_fours, serial_shops, nicolae_shop_trees
Vaults:3: v_misc_1, vaults_mumra_hex, hangedman_vaults_locks,
          ontoclasm_vaults_misaligned, vaults_room_fours,
          minmay_crypt_entry_simple_statues, hangedman_vaults_stitches,
          nicolae_vaults_alarming, nicolae_vaults_rhombus_6,
          vaults_mumra_chevron, vaults_room_pool, grunt_vaults_diagonal,
          grunt_vaults_hallway_short
Vaults:4: vaults_mumra_hexcomb, st_greater_box_4, nicolae_vaults_asterisk,
          ontoclasm_vaults_spin, hangedman_vaults_river_flow,
          vaults_room_door_ring, hangedman_vaults_nails,
          nicolae_vaults_little_squares_3, nicolae_vaults_gold_heap,
          grunt_vaults_focal, dpeg_vaults_monster_row, vaults_dpeg_doors,
          dpeg_vaults_monster_box, serial_shops, nicolae_shop_overgrown_old_shop
Lab:      nicolae_lab_do_over, labyrinth_skeletal_remains,
          nicolae_lab_checkerboard, nicolae_lab_big_swirl, nicolae_lab_quarters,
          nicolae_lab_starburst, lab_block

Action                   |  1- 3 |  4- 6 |  7- 9 | 10-12 | 13-15 | 16-18 | 19-21 || total
-------------------------+-------+-------+-------+-------+-------+-------+-------++-------
Melee: War axe           |    65 |   194 |   356 |   115 |       |       |       ||   730
       Battleaxe         |       |       |       |   457 |  1118 |       |       ||  1575
       Executioner's axe |       |       |       |       |   162 |    14 |       ||   176
       Unarmed           |       |       |       |       |     1 |       |       ||     1
       Broad axe         |       |       |       |       |       |  1483 |  1188 ||  2671
Invok: Heroism           |       |       |     4 |     7 |    20 |    13 |    12 ||    56
       Finesse           |       |       |       |       |       |       |     3 ||     3
 Abil: Evoke Flight      |       |       |       |       |       |     1 |       ||     1
Evoke: Wand              |       |       |       |       |     4 |       |       ||     4
  Use: Scroll            |       |    13 |     1 |    17 |    12 |    15 |     7 ||    65
       Potion            |       |       |     1 |     1 |     5 |       |     1 ||     8
 Stab: Petrified         |       |       |       |       |       |     3 |       ||     3
       Paralysed         |       |       |       |       |       |       |     1 ||     1
  Eat: Chunk             |       |     7 |     9 |    18 |    35 |    29 |    26 ||   124
       Bread ration      |       |       |     1 |     1 |       |     1 |       ||     3
       Fruit             |       |       |       |       |     1 |       |       ||     1
       Royal jelly       |       |       |       |       |       |     1 |       ||     1
       Pizza             |       |       |       |       |       |     1 |       ||     1
       Meat ration       |       |       |       |       |       |     2 |     1 ||     3
